[Event "Late-Titled-Tuesday-Blitz-May-07-2024"]
[Site "Chess.com"]
[Date "2024.05.07"]
[Round "1"]
[White "nitpicker"]
[Black "Nf3c5"]
[Result "0-1"]
[WhiteElo "2256"]
[BlackElo "2620"]
[TimeControl "180+1"]
[EndTime "14:07:41 PDT"]
[Termination "Nf3c5 won by resignation"]

1. d4 e6 2. c4 f5 3. Nf3 Nf6 4.
Qc2 b6 5. a3 Bb7 6. Nc3 Be7 7. h3 c5 8. Be3 O-O 9. O-O-O cxd4 10.
Nxd4 Qc8 11. Qb3 Na6 12. f3 Nc5 13. Qc2 a5 14. g4 a4 15. gxf5 Ba6 16. Ncb5 Bxb5 17.
Nxb5 Nb3+ 18. Kb1 d5 19. Bf4 Nh5 20. Bh2 Rxf5 21. e4 dxe4 22. Qxe4 Nc5 23. Qc2 Qf8 24. Nc7 Rc8 25. Nxe6 Nxe6 26. Rc1 Nc5 27. Be2 Nf4 28. Bxf4 Rxf4 29. Rhg1 Bf6 30. Rcd1 Nb3 31. Rd5 Qf7 32.
Qd3 Rd4 33. Rxd4 Nxd4 34. Bd1 Qxc4 35. Qe4 Qc1+ 36. Ka2 Qc4+ 37. Kb1 Nb3 38. Qxc4+ Rxc4 39. Bxb3 axb3 40. Rd1 Rc2 41. Rd3 Rxb2+ 42. Kc1 Rc2+ 43. Kb1 Rb2+ 44. Kc1 Kf7 45. Rd5 Ra2 46. Rb5 b2+ 47. Kb1 Ra1+ 48. Kc2 Rc1+ 49. Kd2 b1=Q 50. Rc5 Rxc5 51. h4 Qb3 0-1

[Event "Late-Titled-Tuesday-Blitz-May-07-2024"]
[Site "Chess.com"]
[Date "2024.05.07"]
[Round "1"]
[White "Chessdreamer2020"]
[Black "eljanov"]
[Result "0-1"]
[WhiteElo "2509"]
[BlackElo "2868"]
[TimeControl "180+1"]
[EndTime "14:07:44 PDT"]
[Termination "eljanov won on time"]

1. e4 c6 2. d4 d5 3. exd5 cxd5 4.
Bd3 Nf6 5. h3 g6 6. c3 Bf5 7. Be2 Nc6 8. Nf3 e6 9. O-O Bd6 10. Re1 Qc7 11. Bh6 Ne4 12. Nbd2 O-O-O 13. Bb5 Rhg8 14. Ng5 Bf4 15. Ndxe4 Bxe4 16. Bxc6 bxc6 17.
Nxe4 Bxh6 18. Nc5 Bf8 19. b4 Bxc5 20. bxc5 Kd7 21. Qa4 Rb8 22. Rab1 Rb7 23. Rb4 Rgb8 24. Reb1 Rxb4 25. Rxb4 Rxb4 26. cxb4 Qb7 27. Qa5 f6 28. a4 e5 29. dxe5 fxe5 30. b5 d4 31. b6 axb6 32. cxb6 d3 33. Qb4 c5 34. Qb5+ Ke6 35. a5 d2 36. Qb1 c4 37. Kf1 c3 38.
Qb3+ Kf6 39. f3 Qa6+ 40. Kf2 Qb7 41. g4 h5 42. gxh5 gxh5 43. h4 Qd7 44. Ke2 Qg7 0-1

[Event "Late-Titled-Tuesday-Blitz-May-07-2024"]
[Site "Chess.com"]
[Date "2024.05.07"]
[Round "1"]
[White "ViIIagra"]
[Black "GiorgianBarbosa"]
[Result "1-0"]
[WhiteElo "2841"]
[BlackElo "2496"]
[TimeControl "180+1"]
[EndTime "14:07:44 PDT"]
[Termination "ViIIagra won on time"]

1. g3 c5 2. Bg2 g6 3. e4 Bg7 4.
d3 Nc6 5. f4 e6 6. Nf3 Nge7 7.
O-O O-O 8. c3 d6 9. Be3 Rb8 10.
a4 a6 11. Bf2 b5 12. axb5 axb5 13. Qc2 b4 14. Nbd2 Bb7 15. Nc4 Qc7 16. Rfe1 Ra8 17. Rxa8 Rxa8 18. e5 dxe5 19. fxe5 bxc3 20. bxc3 Na5 21.
Nd6 Bd5 22. c4 Bxf3 23. Bxf3 Rd8 24. Nb5 Qc8 25. Qc3 Nac6 26. Kg2 Nf5 27. Bxc5 Nxe5 28. Rxe5 Bxe5 29. Qxe5 Rxd3 30. Bb4 Qxc4 31. Qb8+ Kg7 32.
Nc7 Rxf3 33. Qf8+ Kf6 34. Ne8+ Kg5 35. Be7+ Nxe7 36. Qxe7+ Rf6 37. Qxf6+ Kh6 38. Qg7+ Kg5 39. Qf6+ Kh6 40. Qxf7 Qe2+ 41. Qf2 Qe3 42. Qf3 1-0

[Event "Late-Titled-Tuesday-Blitz-May-07-2024"]
[Site "Chess.com"]
[Date "2024.05.07"]
[Round "1"]
[White "EvilMorty23"]
[Black "Lennis93"]
[Result "0-1"]
[WhiteElo "2413"]
[BlackElo "2721"]
[TimeControl "180+1"]
[EndTime "14:07:44 PDT"]
[Termination "Lennis93 won on time"]

1. e4 c6 2. d4 d5 3. e5 Bf5 4. h4 h5 5. c4 e6 6. Nc3 Ne7 7.
Bg5 Qb6 8. Qd2 dxc4 9. Bxc4 Nd7 10. Nf3 O-O-O 11. O-O f6 12. exf6 gxf6 13. Be3 Nd5 14.
Rac1 Kb8 15. Bxd5 cxd5 16. Bf4+ Bd6 17. Na4 Qa6 18. Nc5 Nxc5 19. dxc5 Bxf4 20. Qxf4+ Ka8 21.
c6 bxc6 22. Nd4 Rc8 23. Nxf5 exf5 24. Qxf5 Qxa2 25. Qxf6 Qa6 26. Ra1 Qb6 27. Rfc1 Rhf8 28. Qg7 Qxf2+ 29. Kh1 Qxh4+ 30. Kg1 Qf2+ 31. Kh1 Rf4 32. g3 Rg4 33. Qc3 Rxg3 34. Rxa7+ Kxa7 35. Ra1+ Kb7 36. Qb4+ Qb6 37. Qe7+ Rc7 38. Qf8 Rh3+ 39. Kg2 Qxb2+ 40. Kxh3 Qxa1 41. Qb4+ Ka6 42. Qb8 Qc3+ 43. Kh2 Qe5+ 44. Kh1 Qe4+ 45. Kh2 Qh4+ 46. Kg1 Rg7+ 47. Kf1 Rf7+ 48. Ke2 Qf2+ 49. Kd1 Qd4+ 0-1

[Event "Late-Titled-Tuesday-Blitz-May-07-2024"]
[Site "Chess.com"]
[Date "2024.05.07"]
[Round "1"]
[White "Sinquefield"]
[Black "Blackmind96"]
[Result "0-1"]
[WhiteElo "2520"]
[BlackElo "2896"]
[TimeControl "180+1"]
[EndTime "14:07:45 PDT"]
[Termination "Blackmind96 won on time"]

1. d4 Nf6 2. Nf3 e6 3. Bg5 h6 4. Bh4 b6 5. Nbd2 Bb7 6. e3 Be7 7. Bd3 Nh5 8. Bxe7 Qxe7 9. c3 Nf6 10. Qe2 d6 11. e4 e5 12. dxe5 dxe5 13. Nc4 Nbd7 14.
Ne3 g6 15. Nd2 Nc5 16. Bc2 O-O 17. O-O-O Rad8 18. f3 a5 19. g4 Ba6 20. Qg2 Ne6 21. Nf5 gxf5 22. gxf5+ Ng7 23. Rhg1 Nh5 24. Qg4 Qg5 25.
Qxg5 hxg5 26. Rxg5 Kh7 27. Rdg1 Rg8 28. Bb3 Rdf8 29.
R1g4 Kh6 30. h4 Bb5 31. a4 Be8 32. Nc4 f6 33. Rg6+ Bxg6 34. Rxg6+ Kh7 35. Ne3 Nf4 36. Bxg8+ Kxg8 37. Rg4 Kf7 38. Kc2 Rd8 39. Rg1 Ngh5 40. Ng4 Rh8 41. b4 Ng7 42. Rh1 Ne8 43. Kb3 Nd6 44. h5 Rxh5 45. Rd1 Rh3 46. Rf1 Ke7 47. Ne3 Nxe4 48. Nd5+ Nxd5 49. fxe4 Nxc3 50. bxa5 bxa5 51. Kc4 Nxe4 52. Kb5 Nd6+ 53. Kxa5 Rh5 54. Rc1 Rxf5 55.
Ka6 Ke6 56. Rxc7 e4 57. Rc8 Nxc8 0-1

[Event "Late-Titled-Tuesday-Blitz-May-07-2024"]
[Site "Chess.com"]
[Date "2024.05.07"]
[Round "1"]
[White "ubdip"]
[Black "gmcorrales"]
[Result "0-1"]
[WhiteElo "2519"]
[BlackElo "2891"]
[TimeControl "180+1"]
[EndTime "14:07:46 PDT"]
[Termination "gmcorrales won on time"]

1. c4 e5 2. Nc3 Nc6 3. e3 Nf6 4.
Nf3 Bb4 5. Nd5 a5 6. a3 Bd6 7. d4 e4 8. Nd2 Nxd5 9. cxd5 Ne7 10. Qh5 g6 11. Qg5 f5 12. Bc4 b5 13. Bxb5 Nxd5 14. Qxd8+ Kxd8 15. Nc4 Be7 16. Bd2 a4 17. Ne5 Rf8 18. Bc4 c6 19. Rc1 Bd6 20. h4 Ke7 21.
h5 g5 22. h6 Kf6 23. Bxd5 cxd5 24. Bc3 Ba6 25. f4 Ke6 26. fxg5 Be7 27. g6 d6 28. Nc6 hxg6 29. h7 Bf6 30. Nb4 Bc4 31. Bd2 Rh8 32.
Kf2 Ra7 33. Nc6 Raxh7 34. Rxh7 Rxh7 35. Ba5 Bh4+ 36. g3 Bf6 37. Bd8 Rh2+ 38. Kg1 Rxb2 39. Bxf6 Kxf6 40. Nd8 Kg5 41. Nf7+ Kg4 42. Nxd6 Kxg3 43.
Kh1 Rh2+ 44. Kg1 Be2 0-1

[Event "Late-Titled-Tuesday-Blitz-May-07-2024"]
[Site "Chess.com"]
[Date "2024.05.07"]
[Round "1"]
[White "subham777"]
[Black "Mops_2004"]
[Result "0-1"]
[WhiteElo "2463"]
[BlackElo "2805"]
[TimeControl "180+1"]
[EndTime "14:07:46 PDT"]
[Termination "Mops_2004 won on time"]

1. e4 c5 2. Nf3 Nc6 3. Bb5 e6 4.
O-O Nge7 5. c3 a6 6. Ba4 b5 7. Bc2 Bb7 8. d4 cxd4 9. Nxd4 Ng6 10. Be3 Rc8 11. a4 b4 12. f4 Be7 13. Kh1 O-O 14.
Qh5 Bf6 15. Bd3 bxc3 16. bxc3 e5 17. Nxc6 dxc6 18. Bc4 exf4 19. Bxf4 Nxf4 20. Rxf4 Qd6 21. Rf1 c5 22. Bd5 Bxd5 23. exd5 Rcd8 24. Rd1 Rfe8 25. Na3 Re5 26. Qf3 Rxd5 27. Rf1 Rd3 28.
Qf5 Rxc3 29. Qh5 g6 30. Qh6 Bg7 31. Qg5 h6 32. Qg4 h5 33. Qe2 Rd3 34. Nc4 Qd5 35.
Rac1 Rd4 36. Nb6 Qb7 37. Nc4 Rd3 38. Qf2 Bd4 39. Qf4 Bg7 40. Na5 Qd5 41. Nc4 Rd4 42.
Qf2 Rxc4 43. Rce1 Rd4 44. Rb1 Rd2 45. Qg1 Bd4 0-1

[Event "Late-Titled-Tuesday-Blitz-May-07-2024"]
[Site "Chess.com"]
[Date "2024.05.07"]
[Round "1"]
[White "Mackster23"]
[Black "FabianoCaruana"]
[Result "1-0"]
[WhiteElo "2571"]
[BlackElo "3075"]
[TimeControl "180+1"]
[EndTime "14:07:47 PDT"]
[Termination "Mackster23 won by resignation"]

1. e4 c5 2. Nf3 Nc6 3. d4 cxd4 4.
Nxd4 Nf6 5. Nc3 e5 6. Ndb5 d6 7. Bg5 a6 8. Na3 b5 9. Nab1 Ne7 10. Nd2 Bb7 11. Bd3 Ng6 12. O-O Be7 13. Bxf6 Bxf6 14. a4 b4 15. Nd5 Bxd5 16. exd5 O-O 17. Qh5 Bg5 18. Ne4 Bh6 19. Qf5 Re8 20. a5 Nf4 21.
Ng3 g6 22. Qe4 f5 23. Qxb4 e4 24. Bc4 Bg7 25. c3 Be5 26. Ne2 Nxg2 27. Kxg2 Qg5+ 28. Kh1 Qh4 29. Ng3 Rab8 30. Qa4 f4 31. Nxe4 Qh3 32. f3 Rf8 33. Rf2 Kh8 34. Bf1 Qh4 35. Bxa6 g5 36. Be2 g4 37. Rg1 g3 38. Nxg3 Rg8 39. Bd3 Qh3 40.
Ne2 Rxg1+ 41. Nxg1 Qh4 42. Qc2 Rg8 43. Rg2 Re8 44.
Be4 Bf6 45. Rg4 Qe1 46. Qg2 Qc1 47. b4 Qxc3 48. Rxf4 Bd4 49. Rh4 Re7 50. Qg6 1-0

[Event "Late-Titled-Tuesday-Blitz-May-07-2024"]
[Site "Chess.com"]
[Date "2024.05.07"]
[Round "1"]
[White "zverr1"]
[Black "deathadder96"]
[Result "0-1"]
[WhiteElo "2501"]
[BlackElo "2851"]
[TimeControl "180+1"]
[EndTime "14:07:48 PDT"]
[Termination "deathadder96 won on time"]

1. e4 c5 2. Nf3 d6 3. Nc3 Nf6 4. e5 dxe5 5. Nxe5 e6 6. Bb5+ Nbd7 7. d4 a6 8. Bxd7+ Nxd7 9. Qf3 Nxe5 10. dxe5 Be7 11.
Bf4 O-O 12. O-O Qb6 13. Rab1 Bd7 14. Rfd1 Bc6 15. Qe3 Rad8 16. b3 Rd4 17. Bg5 Bxg5 18. Qxg5 h6 19. Qe3 Rfd8 20. f3 R8d7 21. Re1 Qd8 22.
Re2 b5 23. Rbe1 b4 24. Ne4 Bxe4 25. fxe4 a5 26. h3 Qc7 27. Qg3 c4 28. Kh2 c3 29.
Rf1 Rd2 30. Rff2 Rd8 31. Qf4 Rxe2 32. Rxe2 Rb8 33. Re3 Rb5 34. Rd3 Rxe5 35. Rd4 g5 36.
Qg3 Kg7 37. Kg1 Qc5 38. Qe3 f5 39. Rd7+ Kf6 40. Qxc5 Rxc5 41. exf5 Rxf5 42. Ra7 Rd5 43. Kf1 Rd1+ 44. Kf2 Rd2+ 45. Kf3 Rxc2 46. Rxa5 Rd2 47. Rb5 c2 48. Rc5 Rd3+ 49. Ke2 Rc3 0-1

[Event "Late-Titled-Tuesday-Blitz-May-07-2024"]
[Site "Chess.com"]
[Date "2024.05.07"]
[Round "1"]
[White "Romkachess"]
[Black "chess_sharparchitect"]
[Result "0-1"]
[WhiteElo "2607"]
[BlackElo "2281"]
[TimeControl "180+1"]
[EndTime "14:07:48 PDT"]
[Termination "chess_sharparchitect won by resignation"]

1. e4 c5 2. Nf3 d6 3. d4 cxd4 4. Nxd4 Nf6 5. Nc3 a6 6. Nb3 e5 7. Be2 Be7 8. Be3 O-O 9. g4 Be6 10. h4 b5 11. g5 Ne8 12. Nd5 Nd7 13. Qd2 Bxd5 14. exd5 f5 15. gxf6 Ndxf6 16. O-O-O Kh8 17. f3 Nc7 18. f4 exf4 19. Bxf4 Nfxd5 20. Bg5 Bf6 21. Kb1 Rc8 22. Bd3 Nb6 23. Qg2 Nc4 24. Qe4 g6 25. h5 d5 26. Qg4 Bxg5 27. hxg6 h6 28. Nd4 Qf6 29. g7+ Kxg7 30. Nf5+ Kh8 31. c3 Ne6 32. Rdf1 Nf4 33. Bc2 Nd2+ 34. Ka1 Nxf1 35.
Rxf1 b4 36. Rxf4 Bxf4 37. Qxf4 bxc3 38. b3 Rce8 39. a4 Re1+ 40. Ka2 Re5 41. a5 Rxf5 42. Bxf5 Qxf5 43. Qxh6+ Kg8 44. Qxa6 Qf2+ 45. Ka3 Qb2+ 46. Ka4 Rf4+ 47. Kb5 Qxb3+ 48. Kc6 Qc4+ 49. Qxc4 Rxc4+ 50. Kxd5 Ra4 0-1

[Event "Late-Titled-Tuesday-Blitz-May-07-2024"]
[Site "Chess.com"]
[Date "2024.05.07"]
[Round "1"]
[White "JG-17"]
[Black "ElCoachRene"]
[Result "1-0"]
[WhiteElo "2577"]
[BlackElo "1979"]
[TimeControl "180+1"]
[EndTime "14:07:48 PDT"]
[Termination "JG-17 won on time"]

1. e4 Nc6 2. Nc3 Nf6 3. Nf3 d5 4. e5 d4 5. exf6 dxc3 6. fxg7 cxd2+ 7. Qxd2 Qxd2+ 8. Bxd2 Bxg7 9. O-O-O Bg4 10. Bf4 e5 11.
Bg5 f6 12. Bh4 e4 13. Re1 Bh6+ 14. Kb1 O-O-O 15. Ng1 Bd2 16. Rxe4 Bg5 17. Be2 Bxe2 18. Nxe2 Rhe8 19. Rxe8 Rxe8 20. Bxg5 Rxe2 21. Be3 Ne5 22. Kc1 Ng4 23. Bd4 Nxf2 24. Rf1 Ne4 25. Rg1 f5 26. h3 a6 27. b3 c6 28. a4 Kd7 29. Be5 Ke6 30. Bf4 Rf2 31. Be3 Re2 32. Bf4 Nc3 33. g4 fxg4 34. hxg4 Rf2 35. Re1+ Kd7 36. Bd2 Nd5 37.
Rh1 Rf7 38. g5 Ke6 39. Rh6+ Kf5 40. Rh2 Kg6 41. c4 Ne7 42. Re2 Nf5 43. Re6+ Kh5 44. Re8 Kg4 45. Kc2 Kf3 46. a5 Kg4 47. Rb8 Nd4+ 48.
Kc3 Ne2+ 49. Kb4 Nd4 50. Bc3 Nc2+ 51. Kc5 Ne3 52. Kb6 Nf5 53. Bf6 Nd6 54. c5 Nb5 55.
Rxb7 Rxb7+ 56. Kxb7 1-0

[Event "Late-Titled-Tuesday-Blitz-May-07-2024"]
[Site "Chess.com"]
[Date "2024.05.07"]
[Round "1"]
[White "manmanlai1"]
[Black "AungTZ"]
[Result "1-0"]
[WhiteElo "2580"]
[BlackElo "2098"]
[TimeControl "180+1"]
[EndTime "14:07:50 PDT"]
[Termination "manmanlai1 won on time"]

1. e4 c5 2. Nf3 Nc6 3. d4 cxd4 4. Nxd4 Nf6 5. Nc3 d6 6. Bc4 Qb6 7. Be3 Qxb2 8. Ndb5 Qb4 9. Bd3 Qa5 10. Bd2 Qd8 11. Nd5 Nxd5 12. exd5 Ne5 13. Be2 a6 14. Nd4 g6 15.
O-O Bg7 16. c4 O-O 17. Be3 h5 18. h3 Qc7 19. Qb3 Nd7 20. Rac1 Nc5 21. Qd1 Bd7 22. Qd2 Rfc8 23. Bh6 Qd8 24. Bxg7 Kxg7 25. g4 hxg4 26.
hxg4 Qh8 27. Kg2 Qh6 28. g5 Qh4 29. Rh1 Qe4+ 30. f3 Qe5 31. Rcd1 f6 32. f4 Qe4+ 33. Bf3 Qd3 34. Qxd3 Nxd3 35. Rxd3 Rxc4 36. gxf6+ exf6 37. Ne6+ Bxe6 38. dxe6 Rxf4 39. Rxd6 f5 40. Bxb7 Re8 41. Bc6 Re7 42. Bd7 Re4 43. Rxa6 g5 44. Ra8 g4 45. Rh5 Kf6 46. Rf8+ Ke5 47. Rfxf5+ 1-0

[Event "Late-Titled-Tuesday-Blitz-May-07-2024"]
[Site "Chess.com"]
[Date "2024.05.07"]
[Round "1"]
[White "IMRosen"]
[Black "IraZyne"]
[Result "1-0"]
[WhiteElo "2649"]
[BlackElo "2331"]
[TimeControl "180+1"]
[EndTime "14:07:52 PDT"]
[Termination "IMRosen won by checkmate"]

1. a4 e5 2. Ra3 Bxa3 3. Nxa3 d5 4.
b3 c5 5. Bb2 Nc6 6. g3 f6 7.
Bg2 Be6 8. e3 Nge7 9. Ne2 O-O 10. d3 a6 11. O-O Rc8 12. h3 Qd7 13. Kh2 Rfd8 14. Nb1 b5 15. axb5 axb5 16. Nd2 d4 17. e4 Ra8 18. f4 Ra2 19. Qb1 Rda8 20. f5 Bf7 21. g4 Nb4 22. h4 h6 23. Rg1 R2a6 24. Bh3 Kf8 25. g5 hxg5 26. hxg5 Bh5 27. Ng3 Be8 28. Qd1 Qd6 29. g6 Bc6 30. Qh5 Ng8 31. Qh8 R6a7 32. Rc1 Qc7 33. Nh5 Ra2 34. Rb1 Nxc2 35. Kg3 Ne3 36. Nf3 c4 37. bxc4 bxc4 38.
dxc4 Nxc4 39. Bc1 Bxe4 40. Rb5 Nd6 41. Rc5 Qe7 42. Bh6 Ne8 43. Nxe5 R8a3+ 44. Kh4 fxe5+ 45. f6 Nxf6 46. Bxg7+ Ke8 47. Rc8+ Qd8 48. Rxd8+ Kxd8 49. Bxf6+ Kc7 50. Bxe5+ Kc6 51. Qxg8 Bd5 52. Qc8+ Kb5 53. Bxd4 Ra8 54. Qc5+ Ka4 55. Bd7+ Kb3 56. Qxd5+ Kc2 57. Bf5+ Kc1 58. Qc4+ Kd1 59. Bg4+ Ke1 60. Bc3+ Kf2 61.
Qf4+ Kg1 62. Bd4+ Kh1 63. Ng3+ Kh2 64. Ne2+ Kh1 65. Bf3# 1-0

[Event "Late-Titled-Tuesday-Blitz-May-07-2024"]
[Site "Chess.com"]
[Date "2024.05.07"]
[Round "1"]
[White "GP9isback23"]
[Black "miraitrunks"]
[Result "0-1"]
[WhiteElo "2595"]
[BlackElo "2245"]
[TimeControl "180+1"]
[EndTime "14:07:53 PDT"]
[Termination "miraitrunks won by resignation"]

1. Nf3 c5 2. b3 d5 3. e3 Nc6 4. Bb2 Bg4 5. Bb5 Nf6 6. h3 Bh5 7. g4 Bg6 8. Ne5 Qc7 9. f4 Be4 10. Rg1 e6 11. g5 Nd7 12. Bxc6 bxc6 13. d3 Bf5 14. Qf3 Qa5+ 15. Nd2 Nxe5 16. Bxe5 O-O-O 17. a3 h6 18. b4 Qa4 19. e4 dxe4 20. dxe4 Qxc2 21.
Rg2 Rd3 22. Qd1 Qxd1+ 23. Rxd1 Bxh3 24. Rg1 hxg5 25. Nc4 Rxd1+ 26. Kxd1 cxb4 27. axb4 Bxb4 28. fxg5 Rd8+ 29. Kc2 g6 30. Bf6 Rd7 31. Kb3 a5 32. Nb6+ Kc7 33. Nxd7 Kxd7 34. Kc4 e5 35. Bxe5 Be6+ 36.
Kd4 c5+ 37. Kd3 Kc6 38. Bc3 Kb5 39. Rb1 Ba2 40. Rb2 Bc4+ 41. Kd2 a4 42. Rb1 a3 43. Ra1 Ka4 44. Kc2 Bb3+ 45. Kd2 Bc4 46. Kc2 Be2 47.
Kd2 Bf3 48. e5 Be4 49. Rc1 Kb3 50. Ra1 a2 51. Bxb4 cxb4 52. Kc1 Bb1 53. e6 fxe6 54.
Rxa2 Bxa2 0-1

[Event "Late-Titled-Tuesday-Blitz-May-07-2024"]
[Site "Chess.com"]
[Date "2024.05.07"]
[Round "1"]
[White "Axf7"]
[Black "guillembaches"]
[Result "1-0"]
[WhiteElo "2031"]
[BlackElo "2563"]
[TimeControl "180+1"]
[EndTime "14:07:54 PDT"]
[Termination "Axf7 won by resignation"]

1. e4 c5 2. Nf3 d5 3. exd5 Nf6 4. c4 e6 5. dxe6 Bxe6 6. Be2 Be7 7. O-O O-O 8. d4 cxd4 9. Nxd4 Bd7 10. Nc3 Na6 11. Be3 Nc5 12. Rc1 Rc8 13. Kh1 Qa5 14. Nb3 Nxb3 15. axb3 Rfd8 16. Qe1 Qb4 17. Bd1 a6 18. Bc2 Ng4 19. Bf4 Re8 20. Nd5 Qxe1 21. Rcxe1 Bf8 22. h3 Nxf2+ 23. Kg1 Bc5 24. Be3 Bxe3 25. Rxe3 Rxe3 26.
Nxe3 Re8 27. Kxf2 g6 28. Rd1 Bc6 29. Nd5 Kg7 30. Rd2 f5 31. b4 Re5 32. b3 g5 33.
Ne3 f4 34. Ng4 Re7 35. Re2 Rxe2+ 36. Kxe2 Bxg2 37. Nf2 h5 38. Be4 Bxe4 39. Nxe4 Kg6 40. Nc5 Kf5 41. Nxb7 g4 42. hxg4+ hxg4 43. c5 g3 44. Kf3 Ke6 45. b5 axb5 46. b4 Ke7 47. Nd6 Kd7 48. Nxb5 Kc6 49. Nd4+ Kd5 50. Ne2 Kc6 51.
Nxf4 Kb5 52. Kxg3 Kxb4 53. c6 Kc5 54. c7 Kd4 55. c8=Q Ke4 56. Qc3 Kf5 57. Qe3 Kg5 58.
Ng2+ Kf5 59. Qf4+ Ke6 60. Qg5 Kd6 61. Kf4 Ke6 62. Ke4 Kd6 63. Kd4 Kc6 64. Qc5+ Kd7 65. Qb6 Ke7 66. Ke5 Kf7 67. Qf6+ Ke8 68. Qg7 1-0

[Event "Late-Titled-Tuesday-Blitz-May-07-2024"]
[Site "Chess.com"]
[Date "2024.05.07"]
[Round "1"]
[White "GrotBchess"]
[Black "crescentmoon2411"]
[Result "0-1"]
[WhiteElo "2515"]
[BlackElo "2877"]
[TimeControl "180+1"]
[EndTime "14:07:55 PDT"]
[Termination "crescentmoon2411 won by checkmate"]

1. e4 c5 2. Nf3 Nf6 3. Nc3 d5 4. exd5 Nxd5 5. Bb5+ Bd7 6. Bxd7+ Qxd7 7. Nxd5 Qxd5 8. O-O Nc6 9. Re1 e6 10. b3 Be7 11. Bb2 Bf6 12. Bxf6 gxf6 13. Qe2 O-O-O 14. Rad1 Rhg8 15. Qe4 f5 16. Qxd5 Rxd5 17. d3 Nb4 18. Re2 Nxa2 19. Ra1 Nc3 20. Re5 a6 21. Kf1 Kc7 22.
Ra5 Kd6 23. Re1 h6 24. Nd2 Kc7 25. Nc4 Re8 26. Re5 b5 27. Rxd5 exd5 28. Ne3 f4 29.
Nf5 Kb6 30. Ra1 h5 31. g3 fxg3 32. hxg3 a5 33. Ne3 d4 34. Ng2 a4 35. bxa4 bxa4 36.
Nf4 Ka5 37. Nxh5 Rb8 38. Ke1 Rb2 39. Kd2 Kb4 40. Kc1 a3 41. Nf4 Ka4 42. g4 Rb8 43.
Kd2 a2 44. Ne2 Rb1 45. Nxc3+ dxc3+ 46. Kxc3 Rxa1 47. Kb2 Rf1 48. Kxa2 Rxf2 49. Kb2 Kb4 50. Kc1 Kc3 51. Kd1 Rxc2 52. Ke1 Kxd3 53. Kf1 c4 54. Kg1 Rd2 55. Kf1 c3 56. Kg1 c2 57. Kh1 c1=Q# 0-1

[Event "Late-Titled-Tuesday-Blitz-May-07-2024"]
[Site "Chess.com"]
[Date "2024.05.07"]
[Round "1"]
[White "cristianserban1"]
[Black "NCchamp"]
[Result "1-0"]
[WhiteElo "2620"]
[BlackElo "2250"]
[TimeControl "180+1"]
[EndTime "14:07:55 PDT"]
[Termination "cristianserban1 won on time"]

1. Nf3 d5 2. e3 Nf6 3. b3 Bg4 4. Bb2 Nbd7 5. d4 e6 6. Nbd2 c6 7. Be2 Bd6 8. O-O O-O 9. h3 Bh5 10. c4 a5 11. a4 Qe7 12. Ne5 Bxe2 13. Qxe2 Nb8 14. Nd3 Na6 15. c5 Bc7 16. f4 Nd7 17. Rfc1 f5 18. Rab1 Nf6 19. Ba3 Ne4 20. Nf3 h6 21.
Nfe5 Kh7 22. b4 axb4 23. Bxb4 Nxb4 24. Rxb4 Bxe5 25. Nxe5 Rg8 26. Qb2 Ra7 27. Rb1 Qh4 28. Rf1 Qg3 29. Qc1 Qh4 30. Qb1 Qe7 31. Qb2 Rga8 32.
Kh2 Rxa4 33. Rxb7 Qh4 34. Qe2 Qg3+ 35. Kh1 Ra2 36. Qf3 Nf2+ 37. Kg1 Nxh3+ 38. Kh1 Nf2+ 39. Kg1 Qxf3 40. Nxf3 Ng4 41. Rb3 Re2 42. Re1 Raa2 43. Rxe2 Rxe2 44. Ne5 Nxe3 45. Nxc6 1-0

[Event "Late-Titled-Tuesday-Blitz-May-07-2024"]
[Site "Chess.com"]
[Date "2024.05.07"]
[Round "1"]
[White "N_Mullodzhanov"]
[Black "bardiya_Daneshvar"]
[Result "1/2-1/2"]
[WhiteElo "2557"]
[BlackElo "3033"]
[TimeControl "180+1"]
[EndTime "14:07:57 PDT"]
[Termination "Game drawn by repetition"]

1. e4 c6 2. Nc3 d5 3. Nf3 dxe4 4. Nxe4 Nf6 5. Nxf6+ exf6 6. d4 Bd6 7. c3 O-O 8. Bd3 Re8+ 9. Be3 Bf4 10. Qd2 Qe7 11.
O-O-O Bxe3 12. fxe3 Qxe3 13. Rhe1 Qxd2+ 14. Kxd2 Rxe1 15. Rxe1 Kf8 16. h4 h6 17. a3 Bg4 18.
Nh2 Be6 19. g4 Nd7 20. Bf5 Bxf5 21. gxf5 Nb6 22. Kd3 Nc8 23. Nf1 Nd6 24. Ng3 b5 25. h5 a5 26. a4 Rb8 27. Ra1 bxa4 28. Rxa4 Rb5 29. b4 axb4 30. Rxb4 Rxb4 31. cxb4 Ke7 32. d5 Kd7 33. Kd4 Nc8 34. Kc5 cxd5 35. Kxd5 Nd6 36. Kc5 Kc7 37. b5 Nb7+ 38. Kd5 Kb6 39. Ne4 Kc7 40. Nc5 Na5 41. Na4 Nb3 42. b6+ Kb8 43. Nc5 Na5 44. Kd6 Nc4+ 45. Kc6 Ne5+ 46. Kd5 Kc8 47. Kd6 Nc4+ 48. Kc6 Ne5+ 49. Kd6 g5 50. hxg6 fxg6 51. fxg6 Nxg6 52. b7+ Kb8 53. Kc6 Ne7+ 54.
Kb6 Nd5+ 55. Kc6 Nb4+ 56. Kb6 Nd5+ 57. Kc6 Ne7+ 58. Kb6 Nc8+ 59. Kc6 Ne7+ 1/2-1/2

[Event "Late-Titled-Tuesday-Blitz-May-07-2024"]
[Site "Chess.com"]
[Date "2024.05.07"]
[Round "1"]
[White "jlf287"]
[Black "Harsha_Bharathakoti"]
[Result "0-1"]
[WhiteElo "2534"]
[BlackElo "2959"]
[TimeControl "180+1"]
[EndTime "14:07:57 PDT"]
[Termination "Harsha_Bharathakoti won by resignation"]

1. d4 e6 2. e4 d5 3. exd5 exd5 4.
Nf3 Nc6 5. Nc3 Bb4 6. Bd2 Bg4 7. Bb5 Ne7 8. a3 Bd6 9. h3 Bh5 10. Be2 O-O 11. Nb5 Re8 12. O-O a6 13. Nxd6 Qxd6 14. c3 h6 15. Re1 Kh8 16. Ne5 Bg6 17. Nxg6+ Nxg6 18. Bf1 Na5 19. Qf3 Kg8 20. Rad1 b5 21.
g3 Nc4 22. Bc1 a5 23. h4 a4 24. h5 Nf8 25. Re2 Rxe2 26. Qxe2 Nh7 27. Bf4 Qd7 28. Re1 Nf6 29. Bc1 Re8 30. Qd1 Rxe1 31. Qxe1 Nxh5 32.
Bg2 Nf6 33. Bf3 c6 34. Kg2 Kf8 35. Qe2 Qe7 36. Qd1 Ne4 37. Qc2 Qe6 38. Be2 Ned6 39. Bd3 h5 40. b3 axb3 41. Qxb3 g6 42. a4 Kg7 43. axb5 Nxb5 44. Qc2 Qe1 45. Bf4 Qxc3 46. Qe2 Qxd4 47. Bxc4 Qxc4 48. Qe5+ Kh7 49. Bg5 Qe4+ 50. Qxe4 dxe4 51. Be3 Kg7 52. f3 exf3+ 53. Kxf3 Kf6 54.
Ke4 Ke6 0-1

[Event "Late-Titled-Tuesday-Blitz-May-07-2024"]
[Site "Chess.com"]
[Date "2024.05.07"]
[Round "1"]
[White "Annawel"]
[Black "ChadBiryani"]
[Result "1-0"]
[WhiteElo "3005"]
[BlackElo "2543"]
[TimeControl "180+1"]
[EndTime "14:07:59 PDT"]
[Termination "Annawel won by resignation"]

1. e4 d6 2. d4 Nf6 3. Nc3 e5 4. Nf3 Nbd7 5. Bc4 Be7 6. O-O O-O 7. Re1 h6 8. a4 a5 9. h3 c6 10. Ba2 Re8 11. Be3 Qc7 12. d5 Bf8 13. Nd2 Nc5 14.
Qf3 cxd5 15. Nxd5 Nxd5 16. Bxd5 Be6 17. Bxe6 Nxe6 18. c3 Rad8 19. h4 Nc5 20. Qe2 d5 21.
exd5 Rxd5 22. Bxc5 Bxc5 23. Ne4 Ba7 24. Qg4 Kh8 25.
Rad1 Red8 26. Rxd5 Rxd5 27. Qf5 Qe7 28. h5 Qd7 29. Qxd7 Rxd7 30. g4 f6 31. Kf1 Kg8 32. Ke2 Kf7 33. Ra1 Rc7 34. f3 Ke6 35. Rd1 Rd7 36.
Rxd7 Kxd7 37. Kd3 Kc6 38. Kc4 Be3 39. Ng3 Bc5 40. Nf5 Bf8 41. b4 axb4 42. cxb4 b6 43. b5+ Kc7 44. Kd5 Kd7 45. Ne3 Bc5 46. Nc4 Bf2 47. a5 bxa5 48. Nxa5 Kc7 49. Nc4 Kd7 50. Nd6 Kc7 51. Nf5 Kb6 52. Kc4 Bc5 53. Nxg7 Be7 54.
Nf5 Bf8 55. Ne3 Bg7 56. Nd5+ Kb7 57. Kd3 Bh8 58. Ke4 1-0

[Event "Late-Titled-Tuesday-Blitz-May-07-2024"]
[Site "Chess.com"]
[Date "2024.05.07"]
[Round "1"]
[White "LikeWater"]
[Black "Flaccidmoves"]
[Result "1/2-1/2"]
[WhiteElo "2673"]
[BlackElo "2388"]
[TimeControl "180+1"]
[EndTime "14:08:00 PDT"]
[Termination "Game drawn by repetition"]

1. e4 e5 2. Nf3 Nc6 3. Bc4 Nf6 4. d3 Bc5 5. Nc3 d6 6. Na4 Bb4+ 7. c3 Ba5 8. b4 Bb6 9. h3 Be6 10. Bxe6 fxe6 11. a3 O-O 12. O-O h6 13. Ra2 Qd7 14.
c4 Bd4 15. Be3 Bxe3 16. fxe3 a6 17. Nc3 Rf7 18. Qe1 Raf8 19. Qh4 Ne7 20. Raf2 Ng6 21. Qg3 Kh7 22. d4 Nh5 23. Qh2 exd4 24. exd4 Nhf4 25. h4 Nd3 26. Rd2 Ngf4 27. g3 Nh3+ 28. Qxh3 Rxf3 29.
Rxf3 Rxf3 30. Nd1 Qf7 31. Qg4 Ne1 32. Nf2 Rxa3 33. Rd1 Nf3+ 34. Kg2 e5 35. d5 Nd4 36.
Rd3 Ra2 37. Rf3 Qxf3+ 38. Qxf3 Nxf3 39. Kxf3 b6 40. Nd3 Ra3 41. Ke3 Rxd3+ 42. Kxd3 Kg6 43. g4 Kf6 44. Kc3 Ke7 45. Kb3 Kd7 46.
b5 a5 47. Ka3 Ke7 48. Kb3 Kf6 49. Kc3 Kg6 50. Kb3 Kf6 51. Kc3 g6 52. Kb3 Ke7 53.
Kc3 Kf7 54. Kb3 Kg7 55. Ka3 Kf6 56. Kb3 g5 57. h5 Kf7 58. Ka4 Ke8 59. Kb3 Kd8 60.
Ka4 Kc8 61. Kb3 Kb7 62. Ka4 Ka7 63. Ka3 Kb7 64. Kb3 Kc8 65. Ka3 Kd7 66. Kb3 Kc8 67. Ka3 Kb7 68. Kb3 Kc8 1/2-1/2